cohdb
Replays
Latest Replays
All Replays
Popular Replays
Top Player Replays
Match Explorer
How It Works
Community
CoH3 Stats
Reddit
Sign in to upload your games and track your stats! →
Sign in with Steam
Match 45859588
Unlisted
Match 45859588
Overview
Messages
Build Orders
End
Royal Engineer Section
Selects Air and Sea Battlegroup
Vickers Machine Gun Team
Construct Section Command Post
Dingo Light Scout Car
Infantry Section
Construct Platoon Command Post
Humber Armored Car
Selects Commando Section Paradrop
Selects Commando Support Section Paradrop
Commando Support Section Paradrop
Construct Field Infirmary
6-pounder Anti-tank Gun Team
Selects Supply Surplus
Selects UNKNOWN (223837)
Commando Section Paradrop
Construct Company Command Post
Centaur IV Medium Tank
Foot Guards Section
Infantry Training
Foot Guards Section
Selects Naval Bombardment
Naval Bombardment
Matilda II Heavy Tank
CAuMOH
✠Kaiser✠ tushkan
Evelynn
Stana
0
0
Comments
sign in to comment!
No comments posted yet!